 Dungeon Crawl Stone Soup version 0.31-a0-216-g22e908daa7 (webtiles) character file.

Game seed: 6656905899834573787

17 qw the Shooter (level 2, -1/16 HPs)
             Began as a Gargoyle Hexslinger on July 1, 2023.
             Frozen to death by an endoplasm (5 damage)
             ... on level 1 of the Dungeon.
             The game lasted 00:00:12 (557 turns).

qw the Shooter (Gargoyle Hexslinger)                 Turns: 557, Time: 00:00:13

Health: -1/16      AC:  4    Str: 11    XL:     2   Next: 62%
Magic:  3/3        EV: 12    Int: 13    God:
Gold:   39         SH:  0    Dex: 12    Spells: 2/3 levels left

rFire   . . .        Y - +1 sling
rCold   . . .        (no shield)
rNeg    + . .        c - +0 robe
rPois   inf          (no helmet)
rElec   +            (no cloak)
rCorr   .            (no gloves)
SInv    .            (no boots)
Will    .....        (no amulet)
Stlth   +            (no ring)
HPRegen 0.22/turn    (no ring)
MPRegen 0.08/turn

%: no passive effects
@: no status effects
A: sickness immunity, AC +2, negative energy resistance 1, electricity
resistance, torment resistance 1, petrification resistance
a: no special abilities


You were on level 1 of the Dungeon.
You visited 1 branch of the dungeon, and saw 2 of its levels.

You collected 39 gold pieces.


Innate Abilities, Weirdness & Mutations

You are immune to sickness and miasma.
Your stone body is resilient. (AC +2)
You are immune to poison.
You resist negative energy. (rN+)
You are resistant to electric shocks. (rElec)
You are resistant to unholy torment.
You are immune to petrification.


   Skills:
 + Level 1.4 Fighting
 - Level 3.0 Ranged Weapons
 - Level 1.5 Dodging
 - Level 1.0 Spellcasting
 - Level 2.6 Hexes


You had 2 spell levels left.
You knew the following spells:

 Your Spells              Type           Power      Damage    Failure   Level
a - Slow                  Hex            28%        N/A       10%         1

Your spell library contained the following spells:

 Spells                   Type           Power      Damage    Failure   Level
 Inner Flame              Hex/Fire       4%         N/A       43%         3
 Portal Projectile        Hex/Tloc       8%         N/A       43%         3
 Cause Fear               Hex            3%         N/A       67%         4

Inventory:

Hand Weapons
 Y - a +1 sling (weapon)
Armour
 c - a +0 robe (worn)
Potions
 f - a potion of ambrosia {unknown}

Dungeon Overview and Level Annotations

Branches:
Dungeon (2/15)

Altars:


Message History

The rat closely misses you.
551 ||| STAIRDANCE The ball python completely misses you.
The ball python grabs you.
You stop ascending the stairs.
The ball python constricts you.
An adder comes into view.
The rat barely misses you.
The goblin shoots a sling bullet.
The sling bullet closely misses you.
The ball python bites you but does no damage.
The ball python constricts you.
The adder hisses angrily.
You shoot a sling bullet.
The sling bullet closely misses the ball python.
The rat bites you. The ball python closely misses you.
The ball python constricts you.
The goblin shoots a sling bullet.
The sling bullet hits you.
You shoot a sling bullet.
The sling bullet barely misses the ball python.
The ball python bites you but does no damage.
The ball python constricts you. The rat bites you but does no damage.
You shoot a sling bullet. The sling bullet hits the ball python.
You kill the ball python!
The endoplasm hits you. The rat bites you but does no damage.
The rat barely misses you.
The endoplasm jiggles.
The endoplasm hits you but does no damage.
555 ||| STAIRDANCE The rat misses you.
The endoplasm freezes you.
You are frozen.
You climb upwards.
There is a stone staircase leading down here.
Enter note:
Enter note:
Enter note:
Enter note: You shoot a sling bullet.
The sling bullet hits the endoplasm.
The endoplasm is moderately wounded.
The endoplasm freezes you.
You are frozen.
You die...

####.# #....# ###.## #.# #.#
#.# #.# ############## #.#
#####............. #.#
#@J......)........ #.#
######.r##?#.#.........
###.#
#....%..##.#.#.........
#...#
#.......##.#..#+###...#
##..#
#......................
#.####.......##+##+#+###....
#......................#.###
#####.####.............#.#
#.# #.............#.#


You could see an endoplasm and a rat.

Vanquished Creatures
  An endoplasm (D:1)
  A giant cockroach (D:1)
  2 hobgoblins (D:1)
  2 jackals (D:1)
  A quokka (D:1)
  2 ball pythons
  2 bats (D:1)
  4 kobolds
  2 rats (D:1)
17 creatures vanquished.

Notes
Turn   | Place    | Note
-------+----------+-------------------------------------------
     0 | D:1      | qw the Gargoyle Hexslinger began the quest for the Orb.
     0 | D:1      | Reached XP level 1. HP: 12/12 MP: 2/2
     0 | D:1      | 0 ||| qw: Version: 0.3-a-35-g05ef00e
     0 | D:1      | 0 ||| qw: Game counter: 7761
     0 | D:1      | 0 ||| qw: Melee chars always use a shield: true
     0 | D:1      | 0 ||| qw: God list: Okawaru
     0 | D:1      | 0 ||| qw: Allow faded altars: false
     0 | D:1      | 0 ||| qw: Do Orc after clearing Dungeon:15 true
     0 | D:1      | 0 ||| qw: Do second Lair branch before Depths: true
     0 | D:1      | 0 ||| qw: Lair rune preference: random
     0 | D:1      | 0 ||| qw: Goals: Normal
     0 | D:1      | 0 ||| PLANNING D:1-11
   120 | D:1      | Reached XP level 2. HP: 13/16 MP: 3/3
   321 | D:1      | Reached skill level 3 in Ranged Weapons
   537 | D:1      | 537 ||| READING scroll labelled LYZXUIMUFA.
   538 | D:1      | 538 ||| READING scroll labelled HINIOC JERRA.
   539 | D:1      | 539 ||| DROPPING scroll of poison.
   551 | D:2      | 551 ||| STAIRDANCE
   555 | D:2      | 555 ||| STAIRDANCE
   555 | D:2      | HP: 3/16 [frozen (3)]
   557 | D:1      | Frozen to death by an endoplasm

Levels and vault maps discovered:
D:1:      scummos_arrival_hexagon, layout_basic
D:2:      layout_rooms

Skill      XL: |  1  2 |
---------------+-------+-----
Ranged Weapons | 3 |  3.0
Fighting       | |  1.4
Dodging        | |  1.5
Spellcasting   | |  1.0
Hexes          | |  2.6

Action                     || total
---------------------------++-------
   Fire: Sling             ||    52
    Use: Scroll            ||     2
 Armour: Robe              ||    13
  Dodge: Dodged            ||    23

Table legend:
 A = Non-vault XP
 B = Vault XP
 C = Vault XP percentage of total XP
 D = Non-vault monster count
 E = Vault monster count
 F = Vault count percentage of total count
                 A         B        C        D         E       F
            +---------+---------+-------+---------+---------+-------
      Total |      25 |       0 |   0.0 |      17 |       0 |   0.0
            +---------+---------+-------+---------+---------+-------
        D:1 |      23 |       0 |   0.0 |      15 |       0 |   0.0
        D:2 |       2 |       0 |   0.0 |       2 |       0 |   0.0
            +---------+---------+-------+---------+---------+-------
